 Dungeon Crawl Stone Soup version 0.27.1-3-gb3d3a73c9e (webtiles) character file.

Game seed: 1000143826232902379

1485 MisterFreud the Firebug (level 8, -1/46 HPs)
             Began as an Octopode Fire Elementalist on Oct 10, 2021.
             Was an Elder of Nemelex Xobeh.
             Slain by a sky beast (6 damage)
             ... on level 7 of the Dungeon.
             The game lasted 00:12:41 (8463 turns).

MisterFreud the Firebug (OpFE)                      Turns: 8463, Time: 00:12:41

Health: -1/46      AC:  1    Str:  7    XL:     8   Next: 79%
Magic:  11/15      EV: 13    Int: 26    God:    Nemelex Xobeh [****..]
Gold:   256        SH:  0    Dex: 12    Spells: 11/16 levels left

rFire    . . .     SeeInvis .   v - +2 whip (elec)
rCold    . . .     Faith    .   (no shield)
rNeg     . . .     Spirit   .   (helmet restricted)
rPois    .         Reflect  .   (no amulet)
rElec    .         Harm     .   l - +6 ring of intelligence
rCorr    .         Rampage  .   (no ring)
Will     .....                  (no ring)
Stlth    +++.......             (no ring)
HPRegen  0.15/turn              (no ring)
MPRegen  0.14/turn              (no ring)
                                (no ring)
                                (no ring)

@: no status effects
A: almost no armour, amphibious, 8 rings, camouflage 1, gelatinous body 1,
(nimble swimmer 1), tentacles
a: Renounce Religion, Draw Escape, Draw Destruction, Draw Summoning, Triple
Draw, Deal Four


You were on level 7 of the Dungeon.
You worshipped Nemelex Xobeh.
Nemelex Xobeh was greatly pleased with you.
You visited 1 branch of the dungeon, and saw 7 of its levels.

You collected 256 gold pieces.

Inventory:

Hand Weapons
 d - a +0 spear
 f - a +0 dagger
 u - a +1 vampiric dagger
 v - a +2 whip of electrocution (weapon)
 w - a +4 hand axe
Missiles
 n - 29 poisoned darts
 p - 8 boomerangs
 s - 8 boomerangs of dispersal
Jewellery
 l - a +6 ring of intelligence (left tentacle)
Wands
 m - a wand of charming (10)
 y - a wand of digging (7)
Scrolls
 a - 8 scrolls of identify {unknown}
 b - 3 scrolls of teleportation {unknown}
 h - a scroll of acquirement {unknown}
 i - a scroll of fog {unknown}
 q - a scroll of fear {unknown}
 r - a scroll of summoning {unknown}
 x - a scroll of enchant armour {unknown}
 B - a scroll of vulnerability {unknown}
Potions
 c - a potion of resistance {unknown}
 e - a potion of attraction {unknown}
 g - 2 potions of curing
 j - a potion of brilliance {unknown}
 k - a potion of magic {unknown}
 o - a potion of flight {unknown}
 t - a potion of heal wounds {unknown}
 z - a potion of mutation {unknown}
 A - a potion of lignification {unknown}


   Skills:
 - Level 2.0 Dodging
 - Level 2.6 Stealth
 + Level 4.8 Spellcasting
 + Level 7.0 Conjurations
 + Level 7.0 Fire Magic


You had 11 spell levels left.
You knew the following spells:

 Your Spells              Type           Power      Damage    Failure   Level
a - Foxfire               Conj/Fire      100%       2x1d9     1%          1
b - Sticky Flame          Conj/Fire      42%        2d6       4%          4

Your spell library contained the following spells:

 Spells                   Type           Power      Damage    Failure   Level
 Magic Dart               Conj           100%       1d8       1%          1
 Conjure Flame            Conj/Fire      42%        6-21      1%          3
 Inner Flame              Hex/Fire       24%        N/A       5%          3
 Corona                   Hex            6%         N/A       8%          1
 Sting                    Tmut/Pois      24%        1d4       8%          1
 Mephitic Cloud           Conj/Pois/Air  18%        N/A       9%          3
 Blink                    Tloc           N/A        N/A       12%         2
 Call Imp                 Summ           6%         N/A       12%         2
 Ensorcelled Hibernation  Hex/Ice        12%        N/A       12%         2
 Poisonous Vapours        Pois/Air       12%        N/A       12%         2
 Sublimation of Blood     Necr           3%         N/A       12%         2
 Fireball                 Conj/Fire      21%        3d10      12%         5
 Call Canine Familiar     Summ           6%         N/A       24%         3
 Gell's Gravitas          Tloc           3%         N/A       24%         3
 Lesser Beckoning         Tloc           3%         N/A       24%         3
 Portal Projectile        Hex/Tloc       12%        N/A       24%         3
 Teleport Other           Tloc           6%         N/A       24%         3
 Tukima's Dance           Hex            6%         N/A       24%         3
 Irradiate                Conj/Tmut      12%        3d18      45%         5
 Leda's Liquefaction      Hex/Erth       3%         N/A       61%         4
 Olgreb's Toxic Radiance  Pois           6%         N/A       61%         4
 Petrify                  Tmut/Erth      6%         N/A       61%         4
 Manifold Assault         Tloc           6%         N/A       91%         5
 Dispersal                Tloc           3%         N/A       100%        6


Dungeon Overview and Level Annotations

Branches:
Dungeon (7/15)             Temple (0/1) D:4

Altars:
Dithmenos
Nemelex Xobeh

Annotations:
D:3 2 transporters, PanSaczeczos's ghost, amateur KoEn


Innate Abilities, Weirdness & Mutations

You cannot wear most types of armour.
You are amphibious.
You can wear up to eight rings at the same time.
Your skin changes colour to match your surroundings (Stealth+).
Your rubbery body absorbs attacks. (AC +1, EV +1)
((You are camouflaged near water. (Stealth+)))
You have tentacles for arms and can constrict up to eight enemies at once.


Message History

The orc struggles to escape constriction.
Something hits you.
You miss something. You constrict the orc.
You kill the orc!
Something hits you.
You completely miss something. Your squeeze misses something.
You hear some strange, mumbled words.
A puff of flame appears from out of thin air!
The puff of flame hits you. The orc closely misses you.
You closely miss something. Something hits you.
The orc hits you with a +0 hand axe. The orc hits you with a +0 short sword.
* * * LOW HITPOINT WARNING * * *
Unknown command.
You hear some strange, mumbled words.
You are confused.
Something hits you.
* * * LOW HITPOINT WARNING * * *
You feel better.
You hear some strange, mumbled words.
A magic dart appears from out of thin air!
The magic dart hits you.
You draw a card...
You have drawn the Storm.
A fierce wind blows from the card.
The orc is blown away by the wind.
The electrical discharge engulfs the orc!!
You kill the orc!
You hear mighty peals of thunder!
You hear an angry hiss.
A puff of flame appears from out of thin air!
The puff of flame misses you.
Found a stone staircase leading up.
The orc barely misses you.
A sky beast comes into view.
The sky beast hits you. The sky beast shocks you.
* * * LOW HITPOINT WARNING * * *
There is a stone staircase leading up here.
The sky beast hits you.
* * * LOW HITPOINT WARNING * * *
The sky beast shocks you.
You die...
Your body disappears without a glow.

.... #........#
#........#
#........#####
###............###
#.......#......'..
#.......#.(....###
#.###...###.#......#
#...Y@....o........#
#..##...###.####).##
#...........####..#
...............)..#
....######.######.##
#... #...Z....# #..
#.############ ## .
. .... ####


You could see a sky beast and an orc.

Vanquished Creatures
  Menkaure (D:7)
  A water moccasin (D:6)
  An ogre (D:6)
  A necrophage (D:7)
  A phantom (D:4)
  A bullfrog (D:6)
  3 scorpions
  A wyvern skeleton (D:3)
  An orc priest (D:3)
  2 hounds
  2 bullfrog skeletons
  Ijyb (D:3)
  7 iguanas
  4 orc wizards (D:4)
  A hound skeleton (D:5)
  A howler monkey zombie (D:7)
  4 gnolls (D:4)
  9 adders
  A white imp (D:5)
  A worm (D:2)
  4 dart slugs
  25 orcs
  5 ball pythons
  7 endoplasms
  2 giant cockroaches
  8 goblins
  12 hobgoblins
  2 jackals (D:1)
  A quokka (D:2)
  3 bats
  2 frilled lizards
  9 kobolds
  7 rats
131 creatures vanquished.

Vanquished Creatures (others)
  305 foxfires
305 creatures vanquished.

Grand Total: 436 creatures vanquished

Notes
Turn   | Place    | Note
-------+----------+-------------------------------------------
     0 | D:1      | MisterFreud the Octopode Fire Elementalist began the quest
                  | for the Orb.
     0 | D:1      | Reached XP level 1. HP: 11/11 MP: 3/3
   195 | D:1      | Reached XP level 2. HP: 17/17 MP: 0/5
   299 | D:1      | Found a faded altar of an unknown god.
   309 | D:1      | Became a worshipper of Nemelex Xobeh the Trickster
   309 | D:1      | Reached * piety under Nemelex Xobeh
   781 | D:1      | Reached XP level 3. HP: 21/21 MP: 4/6
  1034 | D:2      | Received a gift from Nemelex Xobeh
  1721 | D:2      | Reached ** piety under Nemelex Xobeh
  1811 | D:2      | Reached XP level 4. HP: 27/27 MP: 5/7
  1877 | D:2      | Learned a level 4 spell: Sticky Flame
  2473 | D:3      | Found a transporter.
  2477 | D:3      | Noticed PanSaczeczos's ghost (amateur KoEn)
  2558 | D:3      | Reached XP level 5. HP: 31/31 MP: 4/8
  2800 | D:3      | Found a transporter.
  2943 | D:3      | Noticed Ijyb
  2952 | D:3      | Killed Ijyb
  2991 | D:3      | Reached XP level 6. HP: 36/36 MP: 9/9
  4120 | D:4      | Reached skill level 5 in Fire Magic
  4184 | D:4      | Reached skill level 5 in Conjurations
  4352 | D:4      | Found a staircase to the Ecumenical Temple.
  4367 | D:4      | Reached *** piety under Nemelex Xobeh
  4378 | D:4      | Received a gift from Nemelex Xobeh
  4404 | D:5      | Entered Level 5 of the Dungeon
  4412 | D:5      | Reached XP level 7. HP: 41/41 MP: 7/10
  5261 | D:4      | Received a gift from Nemelex Xobeh
  6653 | D:5      | Reached XP level 8. HP: 39/46 MP: 11/13
  6794 | D:5      | Found a shadowy altar of Dithmenos.
  6933 | D:5      | Reached **** piety under Nemelex Xobeh
  8407 | D:7      | Noticed Menkaure
  8417 | D:7      | Killed Menkaure
  8463 | D:7      | Slain by a sky beast

Illustrated notes

Levels and vault maps discovered:
D:1:      minmay_arrival_split_and_join, layout_basic,
          ebering_ecumenical_altar_abandoned
D:2:      layout_basic, minmay_between
D:3:      cheibrodos_pilgrimage, layout_basic, gammafunk_ghost_arena,
          kennysheep_nondescript, chequers_serial_rivers_room_a,
          kennysheep_potato, uniq_ijyb
D:4:      layout_basic, minmay_temple_entry_glass,
          minmay_a_box_with_orc_wizards_in_it
D:5:      layout_loops_ring, nicolae_dithmenos_the_darkroom
D:6:      layout_loops_corners
D:7:      layout_basic, uniq_menkaure, uniq_pikel

Skill      XL: |  1  2  3  4  5  6  7  8 |
---------------+-------------------------+-----
Conjurations   | 2 3 4 5 6 7 |  7.0
Fire Magic     | 4 5 6 7 |  7.0
Spellcasting   | 3 4 |  4.8
Dodging        | |  2.0
Stealth        | |  2.6

Action                   |  1- 3 |  4- 6 |  7- 9 || total
-------------------------+-------+-------+-------++-------
Melee: Unarmed           |     1 |       |       ||     1
       Spear             |     4 |       |       ||     4
       Dagger            |    25 |    41 |    33 ||    99
       Constrict         |     7 |    10 |    27 ||    44
       Tentacles         |     2 |    11 |    13 ||    26
       Whip              |       |       |    54 ||    54
 Cast: Foxfire           |    46 |    70 |    75 ||   191
       Sticky Flame      |       |       |     6 ||     6
Invok: Draw Destruction  |       |     3 |     2 ||     5
  Use: Potion            |       |     1 |     1 ||     2
 Stab: Sleeping          |     2 |     2 |     3 ||     7
Armor: Skin              |       |     2 |     3 ||     5
Dodge: Dodged            |    21 |    29 |    59 ||   109
